 Dungeon Crawl Stone Soup version 0.31.0-4-g52a2dc7128 (webtiles) character file.

Game seed: 12959255288474338767

1598 SnakkuSnakku7 the Spear-Bearer (level 8, -7/57 HPs)
             Began as a Merfolk Earth Elementalist on Jan 22, 2024.
             Was an Initiate of Okawaru.
             Mangled by a vampire mosquito (9 damage)
             ... on level 6 of the Dungeon.
             The game lasted 00:09:15 (6373 turns).

SnakkuSnakku7 the Spear-Bearer (MfEE)               Turns: 6373, Time: 00:09:16

Health: -7/57      AC:  7    Str: 10    XL:     8   Next: 94%
Magic:  11/12      EV: 15    Int: 15    God:    Okawaru [......]
Gold:   373        SH:  0    Dex: 14    Spells: 10/11 levels left

rFire   + . .        a - +0 trident
rCold   . . .        (no shield)
rNeg    . . .        y - +1 ring mail {rF+}
rPois   .            (no helmet)
rElec   .            (no cloak)
rCorr   .            (no gloves)
SInv    .            H - +0 pair of boots
Will    .....        (no amulet)
Stlth   +            u - ring of wizardry
HPRegen 0.29/turn    C - +5 ring of evasion
MPRegen 0.13/turn

%: wizardry (x1)
@: no status effects
A: (nimble swimmer 2), mertail, high MP 1
a: Renounce Religion


You were on level 6 of the Dungeon.
You worshipped Okawaru.
Okawaru was noncommittal.
You visited 2 branches of the dungeon, and saw 8 of its levels.

You collected 373 gold pieces.

Inventory:

Hand Weapons
 a - a +0 trident (weapon)
 e - a +0 club
Missiles
 B - 4 poisoned darts (quivered)
Armour
 g - a +0 robe
 k - a +0 plate armour
 v - a +0 chain mail
 x - a +0 ring mail of fire resistance
 y - a +1 ring mail of fire resistance (worn)
 H - a +0 pair of boots (worn)
Jewellery
 u - a ring of wizardry (left hand)
 C - a +5 ring of evasion (right hand)
Wands
 E - a wand of digging (6)
Scrolls
 c - a scroll of teleportation {unknown}
 d - 3 scrolls of acquirement {unknown}
 f - 5 scrolls of amnesia {unknown}
 h - 7 scrolls of identify {unknown}
 i - a scroll of enchant armour {unknown}
 m - a scroll of poison {unknown}
 o - a scroll of brand weapon {unknown}
 p - a scroll of immolation {unknown}
 q - a scroll of vulnerability {unknown}
 w - 5 scrolls of revelation {unknown}
 D - a scroll of silence {unknown}
 F - a scroll of torment {unknown}
 G - a scroll of noise {unknown}
Potions
 b - a potion of magic
 j - 2 potions of brilliance {unknown}
 l - a potion of berserk rage {unknown}
 n - 5 potions of curing {unknown}
 r - 2 potions of lignification {unknown}
 s - a potion of cancellation {unknown}
 t - a potion of haste {unknown}
 z - a potion of degeneration {unknown}
 A - a potion of mutation


   Skills:
 - Level 2.8 Fighting
 + Level 13.4 Polearms
 - Level 2.6 Dodging
 - Level 2.1 Stealth
 - Level 2.0 Spellcasting
 - Level 0.7 Conjurations
 - Level 2.4 Earth Magic


You had 10 spell levels left.
You knew the following spells:

 Your Spells              Type           Power      Damage    Failure   Level
a - Sandblast             Erth           16%        2d6       9%          1

Your spell library contained the following spells:

 Spells                   Type           Power      Damage    Failure   Level
 Necrotise                Necr           4%         1d4       22%         1
 Passwall                 Erth           8%         N/A       26%         3
 Sublimation of Blood     Necr           1%         N/A       32%         2
 Stone Arrow              Conj/Erth      12%        3d7       34%         3
 Vampiric Draining        Necr           1%         2d6       52%         3
 Brom's Barrelling Bould  Conj/Erth      6%         2d3       73%         4
 Petrify                  Alch/Erth      5%         N/A       77%         4
 Curse of Agony           Necr           1%         N/A       99%         5
 Orb of Destruction       Conj           1%         9d5       100%        7
 Call Imp                 Summ           Unusable   N/A       N/A         2
 Martyr's Knell           Necr/Summ      Unusable   N/A       N/A         4
 Summon Blazeheart Golem  Fire/Summ      Unusable   N/A       N/A         4
 Spellforged Servitor     Conj/Summ      Unusable   N/A       N/A         7
 Summon Hydra             Summ           Unusable   N/A       N/A         7

Dungeon Overview and Level Annotations

Branches:
Dungeon (7/15)             Temple (1/1) D:6

Altars:
Cheibriados
Dithmenos
Elyvilon
Fedhas
Gozag
Hepliaklqana
Kikubaaqudgha
Makhleb
Okawaru
Qazlal
Sif Muna
Wu Jian
Xom
Yredelemnul
Zin
The Shining One

Shops:
D:1 ?

Annotations:
D:3 1 exclusion, Pikel
D:5 Dowan, Duvessa


Innate Abilities, Weirdness & Mutations

((You are very nimble when in or above water. (Stealth+, EV+, Speed+++)))
Your lower body shifts to a powerful aquatic tail in water.
You have an increased reservoir of magic. (+10% MP)


Message History

The vampire mosquito completely misses you.
The acid dragon barely misses you. The acid dragon claws you.
The vampire mosquito closely misses you.
The vampire mosquito bites you but does no damage.
The vampire mosquito attacks as it pursues you!
The vampire mosquito bites you.
The vampire mosquito draws strength from your injuries!
The vampire mosquito bites you!
* * * LOW HITPOINT WARNING * * *
The vampire mosquito draws strength from your injuries!
The vampire mosquito bites you.
* * * LOW HITPOINT WARNING * * *
The vampire mosquito draws strength from your injuries!
The vampire mosquito attacks as it pursues you!
The vampire mosquito barely misses you. The vampire mosquito misses you.
The vampire mosquito barely misses you.
There is an open door here.
The vampire mosquito bites you!
* * * LOW HITPOINT WARNING * * *
The vampire mosquito draws strength from your injuries!
There is a stone staircase leading up here.
The vampire mosquito misses you.
The vampire mosquito closely misses you.
You climb upwards.
There is a stone staircase leading down here.
Okay, then.
You closely miss the vampire mosquito. The vampire mosquito bites you.
* * * LOW HITPOINT WARNING * * *
The vampire mosquito draws strength from your injuries!
Okay, then.
Okay, then.
You puncture the vampire mosquito!
The vampire mosquito is moderately damaged.
The vampire mosquito bites you.
* * * LOW HITPOINT WARNING * * *
The vampire mosquito draws strength from your injuries!
It was a potion of mutation.
You feel extremely strange.
You feel more energetic. The vampire mosquito barely misses you.
The vampire mosquito bites you!
You die...

##### ### #...# ##.###### ##
####...# #..##...#########.
#.....### #...#...##.#..#...
#.....#.#####................
#.........#........##........
##....#.............#........
##..#..##...@y...##..........
#.....##..........##.#..#....
####..#..........###.#..#..#....
##.....####........#....##.......
#....####...............#......##
#...## #.........................
#..## ##....>...#....##..####..#
...#######.......#.##.###.##....#
....##...........###..##.........


You could see a vampire mosquito.

Vanquished Creatures
  Prince Ribbit (D:5)
  A sky beast (D:7)
  3 ogres
  3 lemures (D:4)
  2 phantoms (D:5)
  A bullfrog (D:6)
  4 scorpions
  5 bombardier beetles
  An orc priest (D:3)
  A sleepcap (Temple)
  A hound (D:5)
  Terence (D:3)
  An iguana (D:4)
  3 orc wizards
  9 adders
  6 gnolls
  A white imp (D:5)
  2 dart slugs
  A ribbon worm (D:4)
  14 orcs
  6 endoplasms
  3 giant cockroaches
  8 hobgoblins
  11 jackals
  9 kobolds
  5 quokkas
  10 ball pythons
  7 bats
  4 frilled lizards
  A goblin (D:3)
  4 rats
129 creatures vanquished.

Notes
Turn   | Place    | Note
-------+----------+-------------------------------------------
     0 | D:1      | SnakkuSnakku7 the Merfolk Earth Elementalist began the
                  | quest for the Orb.
     0 | D:1      | Reached XP level 1. HP: 13/13 MP: 3/3
    13 | D:1      | You fall into a shaft and drop 1 floor!
    64 | D:2      | Reached skill level 1 in Fighting
   145 | D:2      | Reached XP level 2. HP: 4/22 MP: 0/5
   256 | D:1      | Found Piow's Magic Scroll Shoppe.
   323 | D:1      | Reached XP level 3. HP: 17/28 MP: 1/6
   406 | D:1      | Reached skill level 1 in Polearms
   547 | D:1      | Reached skill level 2 in Polearms
  1094 | D:2      | Reached XP level 4. HP: 32/34 MP: 7/7
  1274 | D:2      | Reached skill level 3 in Polearms
  1897 | D:3      | Reached skill level 4 in Polearms
  1903 | D:3      | Reached XP level 5. HP: 34/40 MP: 8/8
  1993 | D:3      | Found a white marble altar of Elyvilon.
  2028 | D:3      | Noticed Terence
  2038 | D:3      | Killed Terence
  2039 | D:3      | Reached skill level 5 in Polearms
  2443 | D:4      | Reached skill level 6 in Polearms
  2443 | D:4      | Reached XP level 6. HP: 45/46 MP: 9/9
  2752 | D:4      | HP: 2/46 [ogre/+0 giant spiked club (27)]
  2754 | D:4      | Reached skill level 7 in Polearms
  2964 | D:4      | Noticed Pikel
  3140 | D:4      | Reached skill level 8 in Polearms
  3513 | D:4      | Reached XP level 7. HP: 48/51 MP: 10/10
  3606 | D:4      | HP: 2/51 [lemure[Pikel] (6)]
  4343 | D:5      | Entered Level 5 of the Dungeon
  4378 | D:5      | Reached skill level 9 in Polearms
  4667 | D:5      | Reached skill level 10 in Polearms
  4859 | D:5      | Noticed Prince Ribbit
  4888 | D:5      | Killed Prince Ribbit
  4889 | D:5      | Reached skill level 11 in Polearms
  4889 | D:5      | Reached XP level 8. HP: 21/57 MP: 11/11
  5288 | D:5      | Noticed Dowan
  5453 | D:5      | Noticed Duvessa
  5472 | D:6      | Found a staircase to the Ecumenical Temple.
  5481 | D:6      | Reached skill level 12 in Polearms
  5540 | Temple   | Entered the Ecumenical Temple
  5578 | Temple   | Became a worshipper of Warmaster Okawaru
  6050 | D:6      | Reached skill level 13 in Polearms
  6330 | D:7      | Noticed a two-headed ogre
  6330 | D:7      | Noticed a troll
  6372 | D:6      | HP: 2/57 [vampire mosquito (2)]
  6373 | D:6      | Gained mutation: You have an increased reservoir of magic.
                  | (+10% MP) [potion of mutation]
  6373 | D:6      | Mangled by a vampire mosquito

Illustrated notes

Levels and vault maps discovered:
D:1:      scummos_arrival_checkerplants, layout_rooms, serial_rivers,
          chequers_serial_rivers_micro_a, chequers_serial_rivers_micro_b,
          chequers_serial_rivers_small_3, chequers_serial_rivers_large_b,
          serial_shops, shop
D:2:      layout_basic, hex_large, kennysheep_generic_room_5
D:3:      layout_loops_corners, overflow_temple_1_default, uniq_terence,
          uniq_crazy_yiuf_cottage
D:4:      layout_layer_cave, grunt_ministairs_6, minmay_misc_feat_hallway,
          minmay_fractal_squares_5, uniq_pikel
D:5:      layout_loops_ring, roderic_lattice_a, uniq_duvessa,
          uniq_prince_ribbit1
D:6:      layout_cave_pools, minmay_temple_entry_hall
D:7:      minmay_the_grid_plus [minmay_the_grid_empty,
          minmay_the_grid_diamond_grid, minmay_the_grid_outer_diamond,
          minmay_the_grid_medium_cups, minmay_the_grid_prize_shrinking_boxes],
          layout_gridville, ashenzari_altar_1, serial_shops,
          nicolae_shop_rolling_square, nicolae_tricolors, uniq_joseph
Temple:   regret_index_temple_generic_petals

Skill      XL: |  1  2  3  4  5  6  7  8 |
---------------+-------------------------+-----
Fighting       | 1 2 |  2.8
Polearms       | 2 4 6 8 11 13 | 13.4
Dodging        | |  2.6
Stealth        | |  2.1
Spellcasting   | |  2.0
Conjurations   | |  0.7
Earth Magic    | |  2.4

Action                     |  1- 3 |  4- 6 |  7- 9 || total
---------------------------+-------+-------+-------++-------
  Melee: Unarmed           |    30 |       |       ||    30
         Club              |     8 |       |       ||     8
         Trident           |    99 |   240 |   249 ||   588
         Punch             |       |       |     5 ||     5
  Throw: Dart              |       |    20 |    28 ||    48
   Cast: Sandblast         |    27 |       |       ||    27
    Use: Potion            |       |       |     1 ||     1
   Stab: Sleeping          |     1 |     1 |       ||     2
 Armour: Robe              |    95 |       |       ||    95
         Plate armour      |    28 |    94 |       ||   122
         Chain mail        |       |    40 |       ||    40
         Ring mail         |       |    72 |   150 ||   222
  Dodge: Dodged            |   125 |    50 |   150 ||   325
